 Dungeon Crawl Stone Soup version 0.32-a0-43-g058985b245 (webtiles) character file.

Game seed: 17949311093600812294

375 Ceno the Sneak (level 6, -1/32 HPs)
             Began as a Vampire Enchanter on Feb 4, 2024.
             Was an Initiate of Kikubaaqudgha.
             Killed from afar by an orc wizard (3 damage)
             ... with a magic dart
             ... on level 5 of the Dungeon.
             The game lasted 00:12:53 (3747 turns).

Ceno the Sneak (Vampire Enchanter)                  Turns: 3747, Time: 00:12:54

Health: -1/32      AC:  3    Str:  7    XL:     6   Next: 44%
Magic:  12/12      EV: 12    Int: 20    God:    Kikubaaqudgha [......]
Gold:   107        SH:  0    Dex: 14    Spells: 2/13 levels left

rFire   . . .        a - +1 dagger
rCold   + + .        (no shield)
rNeg    + + +        b - +0 robe
rPois   ∞            (no helmet)
rElec   .            (no cloak)
rCorr   .            (no gloves)
SInv    +            m - +0 pair of boots
Will    .....        (no amulet)
Stlth   +++          (no ring)
HPRegen 0.00/turn    (no ring)
MPRegen 0.13/turn

%: no passive effects
@: confused, bloodless, inhibited regen, invisible
A: bloodless, fangs 3, see invisible, vampiric 2
a: Bat Form, Revivify, Renounce Religion


You were on level 5 of the Dungeon.
You worshipped Kikubaaqudgha.
Kikubaaqudgha was noncommittal.
You visited 1 branch of the dungeon, and saw 5 of its levels.

You collected 107 gold pieces.

Inventory:

Hand Weapons
 a - a +1 dagger (weapon)
Missiles
 k - 24 stones (quivered)
 n - 4 javelins
Armour
 b - a +0 robe (worn)
 f - a +0 ring mail
 m - a +0 pair of boots (worn)
Jewellery
 r - a +6 ring of intelligence
Wands
 u - a wand of paralysis (2)
Scrolls
 d - a scroll of poison {unknown}
 e - 2 scrolls of revelation
 h - a scroll of enchant weapon {unknown}
 j - 3 scrolls of teleportation
 s - a scroll of acquirement {unknown}
 t - a scroll of amnesia
 w - a scroll of enchant armour {unknown}
Potions
 c - a potion of invisibility
 g - 5 potions of curing
 i - 2 potions of haste
 l - a potion of attraction {unknown}
 o - 2 potions of magic {unknown}
 q - a potion of brilliance {unknown}
 v - a potion of degeneration {unknown}


   Skills:
 + Level 2.5 Short Blades
 - Level 2.1 Dodging
 + Level 7.0 Stealth
 - Level 4.0 Spellcasting
 + Level 6.6 Hexes
 + Level 0.3 Necromancy


You had 2 spell levels left.
You knew the following spells:

 Your Spells              Type           Power      Damage    Failure   Level
a - Ensorcelled Hibernat  Hex/Ice        34%        N/A       4%          2
b - Confusing Touch       Hex            30%        N/A       2%          3
c - Tukima's Dance        Hex            30%        N/A       2%          3
d - Dazzling Flash        Conj/Hex       34%        N/A       10%         3

Your spell library contained the following spells:

 Spells                   Type           Power      Damage    Failure   Level
 Magic Dart               Conj           16%        1d3       13%         1
 Searing Ray              Conj           8%         2d4       19%         2
 Fulminant Prism          Conj/Alch      2%         3d5       77%         4


Dungeon Overview and Level Annotations

Branches:
Dungeon (5/15)
 Temple: D:4-7

Altars:
Kikubaaqudgha
Vehumet

Shops:
D:2 :   D:4 =


Innate Abilities, Weirdness & Mutations

You do not regenerate when monsters are visible.
You are frail without blood (-20% HP).
You can heal yourself when you bite living creatures.
You are immune to poison.
You have razor-sharp teeth.
You have supernaturally acute eyesight. (SInv)
You are afflicted with vampirism and can become a bat while bloodless.


Message History

You climb downwards.
The orc closely misses you.
The orc wizard hits you with a +0 dagger.
There is a stone staircase leading up here.
The orc hits you with a +0 short sword.
The orc wizard gestures at you while chanting.
You are confused.
In your confused state, you trip and fall back down the stairs.
The orc hits you with a +0 short sword.
The orc wizard hits you with a +0 dagger.
The orc wizard casts a spell at you.
You are more confused.
The orc hits you with a +0 short sword.
The orc wizard hits you with a +0 dagger.
The orc wizard hits you but does no damage.
In your confused state, you trip and fall back down the stairs.
The orc hits you but does no damage.
The orc wizard gestures at you while chanting.
The puff of flame misses you.
The orc wizard hits you with a +0 dagger.
The orc hits you with a +0 short sword.
The orc wizard hits you with a +0 dagger.
* * * LOW HITPOINT WARNING * * *
The orc wizard hits you with a +0 dagger.
* * * LOW HITPOINT WARNING * * *
In your confused state, you trip and fall back down the stairs.
* * * LOW HITPOINT WARNING * * *
The orc misses you.
The orc wizard hits you with a +0 dagger.
* * * LOW HITPOINT WARNING * * *
The orc wizard closely misses you.
You fade into invisibility!
The orc closely misses you.
The orc wizard hits you but does no damage.
The orc wizard hits you with a +0 dagger.
* * * LOW HITPOINT WARNING * * *
The orc barely misses you.
The orc wizard points at you and mumbles some strange words.
The magic dart hits you.
You die...
Kikubaaqudgha rasps: "You have failed me!
Welcome... oblivion!"

**+*** *,**,* ***,,**,,,,~~* **
*,*****,**,** *******~~~~* ,*
*,,,,,*,**,.#**## ***** ******
,* *****,*,***..##.* *,*,* ,****
*,*,,,,,....* *,*,* ,,,,*
**+******...####,*,* ***,*
*,,,,,,,,,.....#,*,******
*,***,,,>###*##o.#.#,*,,,,,,***
*,*,,,,,,,(..#@o...#,****,,,,,,
*,*,*,,,,,,#.#o....#,* *,,,,,,
**+*+*,,..,,#.....#.#,* *,,,,,,
*,,,,,,,....###.#.#,..****,,,,,,
*,,,,,,,..........#,,,.,,,,*+*,,
*,,,,,,,.#..###.###,,,****,*,*,,
*,,,<,,,,#........#,,,,,,*,*,*,,
*,,,,,,,........#.#,,,,,,*,*,*,,
*,,,,,,,.#........#,,,,,,*,*,*,,


You could see 2 orc wizards and an orc (unable to see you).

Vanquished Creatures
  An ogre (D:4)
  A scorpion (D:4)
  A hound (D:4)
  2 iguanas (D:4)
  An orc wizard (D:4)
  5 adders
  3 dart slugs
  2 ribbon worms
  2 orcs
  11 ball pythons
  5 bats
  6 endoplasms
  2 giant cockroaches
  11 goblins
  6 hobgoblins
  2 jackals (D:1)
  4 kobolds
  A quokka (D:4)
  4 frilled lizards
  2 rats
72 creatures vanquished.

Vanquished Creatures (others)
  A dancing weapon (D:4)
1 creature vanquished.

Grand Total: 73 creatures vanquished

Notes
Turn   | Place    | Note
-------+----------+-------------------------------------------
     0 | D:1      | Ceno the Vampire Enchanter began the quest for the Orb.
     0 | D:1      | Reached XP level 1. HP: 13/13 MP: 3/3
   180 | D:1      | Reached XP level 2. HP: 19/19 MP: 5/5
   183 | D:1      | Learned a level 2 spell: Ensorcelled Hibernation
   483 | D:1      | Found a faded altar of an unknown god.
   990 | D:2      | Reached skill level 5 in Stealth
  1021 | D:2      | Gained mutation: You are afflicted with vampirism and can
                  | become a bat while bloodless. [Vampire growth]
  1021 | D:2      | Reached XP level 3. HP: 19/19 MP: 1/7
  1031 | D:2      | Found Gegaj's Book Shoppe.
  1184 | D:2      | Reached skill level 5 in Hexes
  1188 | D:2      | Learned a level 3 spell: Confusing Touch
  1905 | D:3      | Reached XP level 4. HP: 24/24 MP: 8/8
  1911 | D:3      | Learned a level 3 spell: Tukima's Dance
  2018 | D:3      | Found a radiant altar of Vehumet.
  2715 | D:4      | Found Kiggy's Jewellery Shoppe.
  2715 | D:4      | Noticed a scorpion
  2740 | D:4      | Killed a scorpion
  2741 | D:4      | Reached XP level 5. HP: 28/28 MP: 10/10
  2754 | D:4      | Learned a level 3 spell: Dazzling Flash
  2994 | D:4      | Reached skill level 6 in Stealth
  3211 | D:4      | Noticed an ogre
  3284 | D:4      | Killed an ogre
  3285 | D:4      | Reached XP level 6. HP: 14/32 MP: 1/12
  3434 | D:4      | Found an ancient bone altar of Kikubaaqudgha.
  3440 | D:4      | Became a worshipper of Kikubaaqudgha
  3617 | D:5      | Entered Level 5 of the Dungeon
  3687 | D:4      | Reached skill level 7 in Stealth
  3747 | D:5      | Killed from afar by an orc wizard

Illustrated notes

Levels and vault maps discovered:
D:1:      elethiomel_arrival_infinity_welcomes_careful_drivers,
          layout_loops_cross, ebering_ecumenical_altar_hall
D:2:      layout_loops_cross, serial_shops, nicolae_shop_tiny_real_fake_doors
D:3:      layout_basic, overflow_temple_1_default, minmay_misc_feat_encased,
          minmay_randomly_rotated_circles
D:4:      layout_loops_ring, marbit_many_paths, serial_shops, shop
D:5:      layout_basic, lemuel_coloured_pillars_altar, gammafunk_ghost_grave,
          nicolae_zen_rock_garden, sigmund_army

Skill      XL: |  1  2  3  4  5  6 |
---------------+-------------------+-----
Stealth        | 5 6 7 |  7.0
Hexes          | 5 6 |  6.6
Spellcasting   | 3 4 |  4.0
Short Blades   | 2 |  2.5
Dodging        | |  2.1
Necromancy     | |  0.3

Action                     |  1- 3 |  4- 6 || total
---------------------------+-------+-------++-------
  Melee: Dagger            |    93 |   123 ||   216
         Bite              |     6 |    12 ||    18
         Punch             |     2 |     1 ||     3
  Throw: Stone             |       |     3 ||     3
   Cast: Ensorcelled Hiber |    13 |    11 ||    24
         Confusing Touch   |     3 |    12 ||    15
         Tukima's Dance    |       |     1 ||     1
Ability: Exsanguinate      |     1 |       ||     1
    Use: Scroll            |     1 |     4 ||     5
         Potion            |       |     2 ||     2
   Stab: Sleeping          |    17 |    19 ||    36
         Confused          |     1 |     5 ||     6
         Invisible         |       |     1 ||     1
 Armour: Robe              |    33 |    65 ||    98
  Dodge: Dodged            |    49 |    62 ||   111

Table legend: (Time is in decaauts)
 A = Elapsed time spent in this place.
 B = Non-inter-level travel time spent in this place.
 C = Inter-level travel time spent in this place.
 D = Time resting spent in this place.
 E = Time spent auto-exploring this place.
 F = Levels seen in this place.
 G = Mean time per level.
                   A        B        C        D        E       F      G
               +--------+--------+--------+--------+--------+-----+--------+
         Total |   3739 |   3535 |    204 |    262 |   1811 |   5 |  747.8 |
       Dungeon |   3739 |   3535 |    204 |    262 |   1811 |   5 |  747.8 |
               +--------+--------+--------+--------+--------+-----+--------+

Top non-repeatable levels by time:
     D:4: 1061 daAuts
     D:2: 920 daAuts
     D:1: 914 daAuts
     D:3: 788 daAuts
     D:5: 54 daAuts
